 Dungeon Crawl Stone Soup version 0.28.0-45-g0d030f2227 (webtiles) character file.

Game seed: 4434220343376789888

67 MisterFreud the Changer (level 3, -1/28 HPs)
             Began as a Draconian Transmuter on Apr 21, 2022.
             Slain by a gnoll
             ... wielding a +0 club
              (8 damage)
             ... on level 2 of the Dungeon.
             The game lasted 00:02:21 (2774 turns).

MisterFreud the Changer (Draconian Transmuter)      Turns: 2774, Time: 00:02:22

Health: -1/28      AC:  5    Str: 12    XL:     3   Next: 98%
Magic:  6/6        EV: 12    Int: 15    God:
Gold:   89         SH:  0    Dex: 11    Spells: 5/6 levels left

rFire   . . .      SeeInvis .     - Unarmed
rCold   . . .      Faith    .   (no shield)
rNeg    . . .      Spirit   .   (armour unavailable)
rPois   .          Reflect  .   (helmet restricted)
rElec   .          Harm     .   (no cloak)
rCorr   .          Rampage  .   (no gloves)
Will    .....                   (no boots)
Stlth   +.........              (no amulet)
HPRegen 0.09/turn               (no ring)
MPRegen 0.10/turn               (no ring)

@: no status effects
A: AC +5, unfitting armour, cold-blooded
a: no special abilities


You were on level 2 of the Dungeon.
You visited 1 branch of the dungeon, and saw 3 of its levels.

You collected 89 gold pieces.

Inventory:

Hand Weapons
 m - the +2 war axe "Koowof" {flame, rElec rPois Int+3 Stlth+}
   (You found it on level 2 of the Dungeon)

   It burns those it strikes, dealing additional fire damage.
   Big, fiery blades are also staple armaments of hydra-hunters.
   Int:       It affects your intelligence (+3).
   rElec:     It insulates you from electricity.
   rPois:     It protects you from poison.
   Stlth:     It makes you more stealthy.
Jewellery
 f - a ring of resist corrosion
Scrolls
 a - 3 scrolls of identify {unknown}
 d - a scroll of blinking {unknown}
 g - a scroll of summoning {unknown}
 h - a scroll of amnesia {unknown}
 j - a scroll of fog {unknown}
 k - a scroll of fear {unknown}
 l - 2 scrolls of teleportation {unknown}
 p - a scroll of immolation {unknown}
 q - a scroll of brand weapon {unknown}
Potions
 b - 3 potions of heal wounds {unknown}
 c - 2 potions of lignification {unknown}
 e - 2 potions of might {unknown}
 i - a potion of mutation {unknown}
 n - 2 potions of cancellation {unknown}
 o - a potion of degeneration {unknown}


   Skills:
 - Level 1.1 Fighting
 - Level 1.7 Dodging
 - Level 3.0 Unarmed Combat
 - Level 2.0 Spellcasting
 + Level 4.3 Transmutations


You had 5 spell levels left.
You knew the following spells:

 Your Spells              Type           Power      Damage    Failure   Level
a - Beastly Appendage     Tmut           28%        N/A       3%          1

Your spell library contained the following spells:

 Spells                   Type           Power      Damage    Failure   Level
 Wereblood                Tmut           14%        N/A       5%          2
 Spider Form              Tmut/Pois      8%         N/A       26%         3
 Ice Form                 Ice/Tmut       8%         N/A       65%         4


Dungeon Overview and Level Annotations

Branches:
Dungeon (3/15)

Altars:
Gozag


Innate Abilities, Weirdness & Mutations

Your plain brown scales are hard. (AC +5)
You cannot fit into any form of body armour.
You are cold-blooded and may be slowed by cold attacks.


Message History

The gnoll closely misses you.
You hit the gnoll. You claw the gnoll.
The gnoll is heavily wounded.
The gnoll hits you with a +0 club.
You hit the gnoll. You tail-slap the gnoll.
You punch the gnoll, but do no damage.
The gnoll is severely wounded.
The gnoll hits you with a +0 club.
You closely miss the gnoll. Your kick misses the gnoll.
You tail-slap the gnoll.
The gnoll is severely wounded.
The gnoll hits you with a +0 club!
You barely miss the gnoll. Your kick misses the gnoll.
You headbutt the gnoll, but do no damage.
You punch the gnoll.
You kill the gnoll!
You hit the gnoll but do no damage.
You tail-slap the gnoll, but do no damage.
The gnoll hits you with a +0 club.
* * * LOW HITPOINT WARNING * * *
Your transformation is almost over.
The gnoll throws a stone.
The stone misses you.
Your horns disappear.
Your talons disappear.
There is a stone staircase leading up here.
The gnoll misses you.
You climb upwards.
There is a stone staircase leading down here.
You closely miss the gnoll.
Your tail-slap misses the gnoll.
The gnoll barely misses you.
You hit the gnoll.
The gnoll is moderately wounded.
The gnoll hits you with a +0 club.
You closely miss the gnoll.
The gnoll is moderately wounded.
The gnoll hits you with a +0 club.
* * * LOW HITPOINT WARNING * * *
You hit the gnoll.
The gnoll is heavily wounded.
The gnoll hits you with a +0 club!
You die...

...........# #.......##.##.#
..........## #.............#
..........# #####........#.....
.#####.##.# #............##...#
.#####.##.# #............######
.....#.##.# #............#
####.#.##.# #######......#
..#..#.##.#####################
#
..#.##.##.......@g............#
#
.......#######....####......#.#
# #.#.####### #....# #......#.#
# #.#.#.....# #....#
#......#.### #.#.....#.# #....#
#..........# #.###.#.#.# #....#
#..........# #.###'#.#.#
##....# #...........
#.#.....#.###...###
#..........# ..#.....#.......#
#####.......


You could see a gnoll.

Vanquished Creatures
  A gnoll (D:3)
  2 worms
  11 ball pythons
  2 bats
  4 endoplasms
  2 giant cockroaches
  3 goblins (D:1)
  5 hobgoblins
  3 jackals (D:1)
  4 frilled lizards
  6 kobolds
  7 rats
50 creatures vanquished.

Notes
Turn   | Place    | Note
-------+----------+-------------------------------------------
     0 | D:1      | MisterFreud the Draconian Transmuter began the quest for
                  | the Orb.
     0 | D:1      | Reached XP level 1. HP: 16/16 MP: 3/3
   181 | D:1      | Reached XP level 2. HP: 10/23 MP: 3/5
   376 | D:1      | Reached skill level 3 in Transmutations
   515 | D:1      | Found a faded altar of an unknown god.
   723 | D:1      | You fall into a shaft and drop 1 floor!
   812 | D:2      | Found an opulent altar of Gozag.
  1021 | D:2      | Reached XP level 3. HP: 28/28 MP: 4/6
  1873 | D:2      | Identified the +2 war axe "Koowof" {flame, rElec rPois
                  | Int+3 Stlth+}
  2419 | D:3      | Reached skill level 4 in Transmutations
  2774 | D:2      | Slain by a gnoll

Illustrated notes

Levels and vault maps discovered:
D:1:      elethiomel_arrival_infinity_welcomes_careful_drivers,
          layout_loops_cross, basic_ecumenical_altar, minmay_misc_feat_plants,
          minmay_tree_intersection
D:2:      layout_basic, basic_altar
D:3:      minmay_evil_eye, layout_loops_cross, minmay_misc_feat_ornament

Skill      XL: |  1  2  3 |
---------------+----------+-----
Transmutations | 3 4 |  4.3
Fighting       | |  1.1
Dodging        | |  1.7
Unarmed Combat | |  3.0
Spellcasting   | |  2.0

Action                   || total
-------------------------++-------
Melee: Unarmed           ||   149
       Kick              ||     6
       Tailslap          ||    16
       Headbutt          ||     5
       Punch             ||     6
 Cast: Beastly Appendage ||     6
Armor: Skin              ||    27
Dodge: Dodged            ||   106
